 Dungeon Crawl Stone Soup version 0.17-a0-1954-g0dddeaa (webtiles) character file.

310 TruthSerum the Skirmisher (level 6, -6/56 HPs)
             Began as a Hill Orc Fighter on Oct 3, 2015.
             Was a Follower of Ashenzari.
             Mangled by an ogre
             ... wielding a +0 giant club
              (13 damage)
             ... on level 4 of the Dungeon.
             The game lasted 00:16:14 (2712 turns).

TruthSerum the Skirmisher (Hill Orc Fighter)        Turns: 2712, Time: 00:16:14

Health: -6/56      AC: 11    Str: 19    XL:     6   Next: 41%
Magic:  6/6        EV:  5    Int:  8    God:    Ashenzari [*.....]
Gold:   180        SH: 10    Dex: 12    Spells: 0 memorised, 5 levels left

rFire  . . .     SeeInvis +     a - +0 flail
rCold  + . .     Clarity  +     u - +2 chain mail {rPois}
rNeg   . . .     SustAt   .     c - +1 shield
rPois  +         Gourm    .     (no helmet)
rElec  .         Spirit   .     (no cloak)
rCorr  .         Warding  .     (no gloves)
rMut   .         Stasis   .     (no boots)
MR     .....                    s - amulet of clarity (curse)
Stlth  ..........               w - ring of protection from cold
                                g - ring of see invisible (curse)

@: not resistant to hostile enchantments, extremely unstealthy
A: no striking features
a: Scrying, Renounce Religion


You were on level 4 of the Dungeon.
You worshipped Ashenzari.
Ashenzari was aware of your devotion.
You were hungry.

You visited 1 branch of the dungeon, and saw 4 of its levels.

You collected 180 gold pieces.

Inventory:

Hand weapons
 a - a +0 flail (weapon)
Armour
 c - a +1 shield (worn)
 h - a +0 chain mail
 u - a +2 chain mail of poison resistance (worn)
Jewellery
 g - a cursed ring of see invisible (left hand)
 m - an uncursed amulet of regeneration
 s - a cursed amulet of clarity (around neck)
 w - a ring of protection from cold (right hand)
Magical devices
 i - a wand of disintegration (18)
Scrolls
 b - a scroll of identify
 f - 4 scrolls of remove curse
 j - a scroll of curse armour
 l - 3 scrolls of enchant armour
 n - 2 scrolls of teleportation
Potions
 d - a potion of might
 k - a potion of heal wounds
 q - a potion of lignification
 t - a potion of invisibility
Comestibles
 e - 2 bread rations
 o - 2 beef jerkies
 p - 2 meat rations
 r - a chunk of flesh


   Skills:
 + Level 5.5 Fighting
 + Level 3.8 Maces & Flails
 + Level 4.8 Armour
 + Level 4.6 Shields


You had 5 spell levels left.
You didn't know any spells.

Dungeon Overview and Level Annotations

Branches:
Dungeon (4/15)
 Temple: D:4-7

Altars:
Ashenzari
Xom


Message History

The ogre hits you with a giant club! You block the orc's attack.
You barely miss the ogre. The ogre hits you with a giant club!
* * * LOW HITPOINT WARNING * * *
You block the orc's attack.
You are too injured to fight recklessly!
You are too injured to fight recklessly!
You are too injured to fight recklessly!
You are too injured to fight recklessly!
You hit the ogre.
The ogre is lightly wounded.
The orc barely misses you. You block the ogre's attack.
You block the orc's attack.
You barely miss the ogre.
The ogre is lightly wounded.
The ogre hits you but does no damage. The orc hits you with a club.
* * * LOW HITPOINT WARNING * * *
You hit the ogre.
The ogre is moderately wounded.
The ogre hits you with a giant club!
You die...

#...# # #.#.# #
#...# # ##.## #
.######.#######
.........(....#
.######.#######
#.########
#.@O.....#
#.o#####.. #...
...## ##.## #.#
#.# #.


You could see an ogre and an orc.

Vanquished Creatures
  The ghost of Ace the Gusty, an average HEAE (D:3)
  A quasit (D:3)
  An orc priest (D:4)
  An orc wizard (D:4)
  8 adders
  An ooze (D:3)
  A giant gecko (D:3)
  6 orcs (D:3)
  2 ball pythons (D:1)
  5 bats
  A giant cockroach (D:2)
  6 goblins
  8 hobgoblins
  2 jackals (D:3)
  2 quokkas (D:3)
  4 giant newts
  6 kobolds
  13 rats
69 creatures vanquished.

Notes
Turn   | Place    | Note
--------------------------------------------------------------
     0 | D:1      | TruthSerum the Hill Orc Fighter began the quest for the Orb.
     0 | D:1      | Reached XP level 1. HP: 19/19 MP: 1/1
     8 | D:1      | Found a shattered altar of Ashenzari.
    26 | D:1      | Became a worshipper of Ashenzari the Shackled
   212 | D:1      | Reached XP level 2. HP: 27/27 MP: 2/2
   913 | D:1      | Reached skill level 4 in Fighting
   913 | D:1      | Reached XP level 3. HP: 33/33 MP: 3/3
  1102 | D:2      | Found a shimmering altar of Xom.
  1160 | D:2      | Found a shimmering altar of Xom.
  1191 | D:2      | Acquired Ashenzari's first power
  1331 | D:2      | Reached XP level 4. HP: 40/40 MP: 4/4
  1859 | D:3      | Noticed Ace's ghost (average HEAE)
  1908 | D:3      | Killed Ace's ghost
  1908 | D:3      | Reached XP level 5. HP: 10/47 MP: 5/5
  2370 | D:3      | Reached skill level 5 in Fighting
  2478 | D:3      | Reached XP level 6. HP: 53/56 MP: 6/6
  2712 | D:4      | Mangled by an ogre

Vault maps used:
D:1:      dpeg_arrival_windows_large_door, serial_forest,
          infiniplex_forest_zigzag_1, infiniplex_forest_clump_medium,
          infiniplex_forest_lined_ring, infiniplex_forest_straight_3,
          infiniplex_forest_clump_curved, infiniplex_forest_side_room,
          infiniplex_forest_lined_corner, infiniplex_forest_lined_3_way,
          infiniplex_forest_straight_2, ashenzari_altar_1
D:2:      xom_redecorated
D:4:      lemuel_round_altar, first_bread, serial_shops,
          nicolae_shop_behind_doors

Action                   |  1- 3 |  4- 6 || total
-------------------------+-------+-------++-------
Melee: Flail             |   124 |   187 ||   311
  Use: Scroll            |       |    10 ||    10
       Potion            |       |     3 ||     3
  Eat: Chunk             |     2 |     4 ||     6
